Punishers vs River Frogs

Created - January 26, 2020 at 19:16

Goals
1 2 3 T
Punishers 2 3 2 7
River Frogs 2 0 3 5
Shots
1 2 3 T
Punishers 12 11 13 36
River Frogs 11 8 8 27

1st period

1. Punishers , Robbie Earl 17 (Zack Hamill 30) at 9:36
2. Punishers , Garret Ross 16 (Andreas Athanasiou 16, Slava Voynov 30) at 16:58 (PP)
3. River Frogs , Leon Draisaitl 17 (Emerson Etem 26) at 17:57
4. River Frogs , Christian Hanson 23 (Andrew Gordon 18, Matt Calvert 37) at 19:15

Penalties :
Matt Calvert (Lou) for Slashing (Minor) at 16:24

2nd period

5. Punishers , Radek Faksa 13 (Tyler Bertuzzi 13, John Quenneville 19) at 6:17 (PP)
6. Punishers , Tyler Bertuzzi 10 (Andreas Athanasiou 17) at 13:41
7. Punishers , Garret Ross 17 (Carter Ashton 19, Andreas Athanasiou 18) at 18:51 (PP)

Penalties :
Anthony Bitetto (Lou) for Spearing (Major / Game Misconduct) at 1:52, David Kolomatis (Lou) for Hooking (Minor) at 14:46, Matt Calvert (Lou) for Roughing (Minor) at 18:16

3rd period

8. River Frogs , Timothy Kunes 1 (Christian Hanson 44, Andrew Gordon 19) at 1:11 (PP)
9. Punishers , Andreas Athanasiou 8 (Carter Ashton 20, Garret Ross 15) at 2:06
10. River Frogs , Jared Knight 9 (Austin Watson 9) at 2:55
11. Punishers , Miikka Salomaki 24 (Zack Hamill 31, Madison Bowey 8) at 8:00
12. River Frogs , Emerson Etem 20 (Leon Draisaitl 22, Shea Theodore 11) at 15:28 (PP)

Penalties :
Carter Ashton (Pro) for Hooking (Minor) at 0:55, Timothy Kunes (Lou) for High sticking (Minor) at 9:05, Aaron Ness (Lou) for Hooking (Minor) at 12:34, Slava Voynov (Pro) for Tripping (Minor) at 14:02

Goalie Stats

Daniel Altshuller (Pro), 22 saves from 27 shots - (0.815), W, 1-4-2, 60:00 minutes
Phoenix Copley (Lou), 15 saves from 19 shots - (0.789), 33:41 minutes
Thomas Greiss (Lou), 14 saves from 17 shots - (0.824), L, 10-11-1, 26:19 minutes

Players Stats for Punishers

Player Name              G  A  P  +/- PIM S  H  SB GA TA FO     MP     PP MP  PK MP  
------------------------------------------------------------------------------------
Adam Pelech              0  0  0   1  0   5  4  4  2  0  0/0    29:36   6:23   0:34 
Alex Schoenborn          0  0  0   0  0   0  0  0  0  0  0/0     1:15   0:55   0:00 
Andreas Athanasiou       1  3  4   1  0   2  5  0  1  0  1/6    18:23   4:24   0:06 
Austen Brassard          0  0  0   0  0   0  0  0  0  0  1/1    10:13   0:11   0:00 
Carter Ashton            0  2  2   1  2   2  2  0  0  0  0/0    17:35   4:24   0:00 
Daniel Audette           0  0  0   0  0   0  0  0  0  0  0/0     0:34   0:00   0:25 
Dylan DeMelo             0  0  0   0  0   0  0  1  0  0  0/0    11:17   0:45   0:08 
Garret Ross              2  1  3   1  0   4  1  1  1  0  1/1    17:03   4:24   0:00 
John Macfarland          0  0  0   0  0   0  0  1  0  0  0/1     2:39   1:18   0:25 
John Quenneville         0  1  1  -1  0   3  1  0  0  0  2/3     7:01   0:08   0:00 
Jordan Schmaltz          0  0  0   0  0   2  3  3  1  1  0/0    23:43   4:26   0:37 
Madison Bowey            0  1  1   0  0   1  2  0  0  2  0/0    21:49   4:26   0:47 
Michael Joly             0  0  0  -1  0   0  0  0  0  0  0/0     7:54   0:53   0:00 
Miikka Salomaki          1  0  1   1  0   3  1  0  0  1  1/2    22:37   5:42   0:06 
Nikita Gusev             0  0  0  -1  0   1  1  0  0  0  0/0     6:53   0:00   0:00 
Radek Faksa              1  0  1   0  0   3  3  0  0  1  3/6    11:40   0:56   0:00 
Robbie Earl              1  0  1   1  0   6  1  0  0  0  2/2    23:55   5:51   0:40 
Slava Voynov             0  1  1   1  2   0  3  2  1  1  0/0    29:54   6:34   0:16 
Tyler Bertuzzi           1  1  2   0  0   3  2  0  1  1  0/0    10:20   0:18   0:00 
Zack Hamill              0  2  2   1  0   1  2  0  0  0  19/40  23:55   5:51   0:40 

Players Stats for River Frogs

Player Name              G  A  P  +/- PIM S  H  SB GA TA FO     MP     PP MP  PK MP  
------------------------------------------------------------------------------------
Aaron Ness               0  0  0   0  2   0  0  1  0  0  0/0    19:35   0:45   2:43 
Andrew Gordon            0  2  2   0  0   0  2  1  0  0  3/10   23:40   1:01   6:05 
Anthony Bitetto          0  0  0   0  15  0  0  0  1  1  0/0     9:58   0:00   0:34 
Austin Watson            0  1  1   0  0   0  2  0  1  0  0/0     9:59   0:00   0:09 
Christian Hanson         1  1  2   0  0   2  3  0  0  0  17/28  23:26   1:01   5:51 
David Kolomatis          0  0  0  -1  2   2  1  0  0  1  0/0    22:35   1:01   3:11 
Emerson Etem             1  1  2   0  0   3  1  1  0  0  0/0    16:52   0:10   3:21 
James Livingstone        0  0  0  -1  0   1  0  0  0  0  0/0     7:30   0:00   0:00 
Jared Knight             1  0  1   0  0   2  2  0  0  1  1/8    12:22   0:00   2:05 
Joakim Nordstrom         0  0  0  -1  0   1  1  0  0  0  0/0     9:37   0:00   2:07 
Justin Florek            0  0  0   0  0   1  0  0  0  0  0/0    13:24   0:10   0:00 
Leon Draisaitl           1  1  2   0  0   4  1  1  0  1  7/11   16:52   0:10   3:21 
Matt Calvert             0  1  1   0  4   3  0  0  1  0  0/0    15:50   0:16   0:00 
Ondrej Kase              0  0  0   0  0   2  1  0  1  0  0/0     9:50   0:00   0:00 
Ryan Fitzgerald          0  0  0  -1  0   2  1  0  0  0  4/5     8:06   0:00   0:18 
Shane Sims               0  0  0   0  0   0  1  1  2  1  0/0    22:31   0:10   5:13 
Shea Theodore            0  1  1   1  0   2  0  0  1  1  0/0    16:15   0:10   6:07 
Timothy Kunes            1  0  1  -2  2   2  5  2  0  1  0/0    29:27   1:01   5:11 

3 Stars

1 - Andreas Athanasiou (Pro)
2 - Garret Ross (Pro)
3 - Tyler Bertuzzi (Pro)

Power Play

Punishers - 3 on 7 Attempt(s) - 42.86%
River Frogs - 2 on 2 Attempt(s) - 100.00%

Penalty Kill

Punishers - 0 on 2 Attempt(s) - 0.00% - Score 0 goal in Penalty Kill
River Frogs - 4 on 7 Attempt(s) - 57.14% - Score 0 goal in Penalty Kill

Team Stat

Punishers - Hits : 31 - Faceoff Wins : 30 - Blocked Shots : 12 - Penalty Minutes : 4
River Frogs - Hits : 21 - Faceoff Wins : 32 - Blocked Shots : 7 - Penalty Minutes : 25

Official

Referees : Unknown
Linesman : Unknown

Game Notes

Anthony Bitetto ejected from game at 1:52 of 2nd period
Thomas Greiss enters game at 13:41 of 2nd period
15:28 of 3rd period - River Frogs goal is going for a video replay. After video review, Goal.

Finance

Level 1 -- Attendance: 1371 (68.55%) -- Ticket Income $54,840
Level 2 -- Attendance: 661 (66.10%) -- Ticket Income $13,220
Total Attendance: 2032 (67.73%)
Total Ticket Income: $68,060
Other Income: $3,403
Total Income: $71,463

Punishers

5 vs 5 Forward 
   Center                   Left Wing                Right Wing               Time % Phy DF OF 
 1 Zack Hamill              Robbie Earl              Miikka Salomaki          40     1   2  2  
 2 Andreas Athanasiou       Garret Ross              Carter Ashton            30     1   2  2  
 3 Radek Faksa              Tyler Bertuzzi           Austen Brassard          20     1   2  2  
 4 John Quenneville         Nikita Gusev             Michael Joly             10     1   2  2  

5 vs 5 Defense 
   Defense                  Defense                                           Time % Phy DF OF 
 1 Slava Voynov             Adam Pelech                                       40     1   2  2  
 2 Jordan Schmaltz          Madison Bowey                                     30     1   2  2  
 3 Dylan DeMelo             Slava Voynov                                      20     1   2  2  
 4 Adam Pelech              Jordan Schmaltz                                   10     1   2  2  

PowerPlay Forward 
   Center                   Left Wing                Right Wing               Time % Phy DF OF 
 1 Zack Hamill              Robbie Earl              Miikka Salomaki          60     1   2  2  
 2 Andreas Athanasiou       Garret Ross              Carter Ashton            40     1   2  2  

PowerPlay Defense
   Defense                  Defense                                           Time % Phy DF OF 
 1 Slava Voynov             Adam Pelech                                       60     1   2  2  
 2 Jordan Schmaltz          Madison Bowey                                     40     1   2  2  

Penalty Kill 4 Players Forward 
   Center                   Wing                     Time % Phy DF OF 
 1 Zack Hamill              Robbie Earl              60     1   2  2  
 2 Miikka Salomaki          Andreas Athanasiou       40     1   2  2  

Penalty Kill 4 Players Defense
   Defense                  Defense                  Time % Phy DF OF 
 1 Slava Voynov             Adam Pelech              60     1   2  2  
 2 Jordan Schmaltz          Madison Bowey            40     1   2  2  

Penalty Kill - 3 Players Forward 
   Forward                                           Time % Phy DF OF 
 1 Zack Hamill                                       60     1   2  2  
 2 Robbie Earl                                       40     1   2  2  

Penalty Kill - 3 Players Defense
   Defense                  Defense                  Time % Phy DF OF 
 1 Slava Voynov             Adam Pelech              60     1   2  2  
 2 Jordan Schmaltz          Madison Bowey            40     1   2  2  

4 vs 4 Forward 
   Center                   Wing                     Time % Phy DF OF 
 1 Zack Hamill              Robbie Earl              60     1   2  2  
 2 Miikka Salomaki          Andreas Athanasiou       40     1   2  2  

4 vs 4 Defense
   Defense                  Defense                  Time % Phy DF OF 
 1 Slava Voynov             Adam Pelech              60     1   2  2  
 2 Jordan Schmaltz          Madison Bowey            40     1   2  2  

Last Minutes Offensive
   Center                   Left Wing                Right Wing               Defense                  Defense                  
   Zack Hamill              Robbie Earl              Miikka Salomaki          Slava Voynov             Adam Pelech              

Last Minutes Defensive
   Center                   Left Wing                Right Wing               Defense                  Defense                  
   Zack Hamill              Robbie Earl              Miikka Salomaki          Slava Voynov             Adam Pelech              

Goaltenders
Starting : Daniel Altshuller        
Backup : Louis Domingue           

Extra Forwards
Normal : John Macfarland, Alex Schoenborn, Daniel Audette - PP : John Macfarland, Alex Schoenborn - PK : Daniel Audette
Extra Defensemen
Normal : Dylan DeMelo, Madison Bowey, Slava Voynov - PP : Dylan DeMelo - PK : Madison Bowey, Slava Voynov
Penalty Shots
Zack Hamill, Robbie Earl, Miikka Salomaki, Andreas Athanasiou, Radek Faksa

Scratches
Ben Betker (Back Injury)

River Frogs

5 vs 5 Forward 
   Center                   Left Wing                Right Wing               Time % Phy DF OF 
 1 Christian Hanson         Matt Calvert             Andrew Gordon            40     1   2  2  
 2 Leon Draisaitl           Justin Florek            Emerson Etem             30     1   2  2  
 3 Jared Knight             Austin Watson            Ondrej Kase              20     1   2  2  
 4 Ryan Fitzgerald          Joakim Nordstrom         James Livingstone        10     1   2  2  

5 vs 5 Defense 
   Defense                  Defense                                           Time % Phy DF OF 
 1 Anthony Bitetto          Timothy Kunes                                     40     1   2  2  
 2 Shane Sims               Aaron Ness                                        30     1   2  2  
 3 David Kolomatis          Shea Theodore                                     20     1   2  2  
 4 Anthony Bitetto          Timothy Kunes                                     10     1   2  2  

PowerPlay Forward 
   Center                   Left Wing                Right Wing               Time % Phy DF OF 
 1 Christian Hanson         Matt Calvert             Andrew Gordon            60     1   2  2  
 2 Leon Draisaitl           Justin Florek            Emerson Etem             40     1   2  2  

PowerPlay Defense
   Defense                  Defense                                           Time % Phy DF OF 
 1 Anthony Bitetto          Timothy Kunes                                     60     1   2  2  
 2 Shane Sims               Aaron Ness                                        40     1   2  2  

Penalty Kill 4 Players Forward 
   Center                   Wing                     Time % Phy DF OF 
 1 Andrew Gordon            Christian Hanson         60     1   2  2  
 2 Emerson Etem             Leon Draisaitl           40     1   2  2  

Penalty Kill 4 Players Defense
   Defense                  Defense                  Time % Phy DF OF 
 1 Anthony Bitetto          Timothy Kunes            60     1   2  2  
 2 Shane Sims               Aaron Ness               40     1   2  2  

Penalty Kill - 3 Players Forward 
   Forward                                           Time % Phy DF OF 
 1 Andrew Gordon                                     60     1   2  2  
 2 Christian Hanson                                  40     1   2  2  

Penalty Kill - 3 Players Defense
   Defense                  Defense                  Time % Phy DF OF 
 1 Anthony Bitetto          Timothy Kunes            60     1   2  2  
 2 Shane Sims               Aaron Ness               40     1   2  2  

4 vs 4 Forward 
   Center                   Wing                     Time % Phy DF OF 
 1 Andrew Gordon            Christian Hanson         60     1   2  2  
 2 Emerson Etem             Leon Draisaitl           40     1   2  2  

4 vs 4 Defense
   Defense                  Defense                  Time % Phy DF OF 
 1 Anthony Bitetto          Timothy Kunes            60     1   2  2  
 2 Shane Sims               Aaron Ness               40     1   2  2  

Last Minutes Offensive
   Center                   Left Wing                Right Wing               Defense                  Defense                  
   Christian Hanson         Matt Calvert             Andrew Gordon            Anthony Bitetto          Timothy Kunes            

Last Minutes Defensive
   Center                   Left Wing                Right Wing               Defense                  Defense                  
   Christian Hanson         Matt Calvert             Andrew Gordon            Anthony Bitetto          Timothy Kunes            

Goaltenders
Starting : Phoenix Copley           
Backup : Thomas Greiss            

Extra Forwards
Normal : James Livingstone, Ondrej Kase, Jared Knight - PP : James Livingstone, Ondrej Kase - PK : Jared Knight
Extra Defensemen
Normal : David Kolomatis, Shea Theodore, Shane Sims - PP : David Kolomatis - PK : Shea Theodore, Shane Sims
Penalty Shots
Andrew Gordon, Christian Hanson, Emerson Etem, Leon Draisaitl, Matt Calvert

Scratches
Maxim Mamin (Healthy), Mario Lucia (Healthy), Dillon Heatherington (Healthy), Ryan Wilson (Healthy), Francis Perron (Healthy)
Beau Starrett (Healthy), Richard Nejezchleb (Healthy)

% Time on Ice - Punishers

Lines # - Real PCT - Wanted PCT - Time Play
Normal Forward
1 - 37% - 40% - 17:10
2 - 27% - 30% - 12:39
3 - 21% - 20% - 10:02
4 - 15% - 10% - 6:53
Normal Defense
1 - 39% - 40% - 18:05
2 - 35% - 30% - 16:09
3 - 19% - 20% - 8:51
4 - 8% - 10% - 3:39
PP Forward
1 - 62% - 60% - 7:10
2 - 38% - 40% - 4:24
PP Defense
1 - 62% - 60% - 7:08
2 - 38% - 40% - 4:26
PK Forward
1 - 92% - 60% - 1:05
2 - 8% - 40% - 0:06
PK Defense
1 - 48% - 60% - 0:34
2 - 52% - 40% - 0:37
PK3 Forward
1 - 0% - 60%
2 - 0% - 40%
PK3 Defense
1 - 0% - 60%
2 - 0% - 40%
44 Forward
1 - 100% - 60% - 0:31
2 - 0% - 40% - 0:00
44 Defense
1 - 100% - 60% - 0:31
2 - 0% - 40% - 0:00
Last Minute Offensive  - 0:00
Last Minute Defensive  - 0:00
Total
Forward - 60:00
Defense - 60:00

% Time on Ice - River Frogs

Lines # - Real PCT - Wanted PCT - Time Play
Normal Forward
1 - 34% - 40% - 16:03
2 - 29% - 30% - 13:21
3 - 21% - 20% - 9:50
4 - 16% - 10% - 7:30
Normal Defense
1 - 44% - 40% - 20:21
2 - 33% - 30% - 15:32
3 - 17% - 20% - 7:58
4 - 6% - 10% - 2:53
PP Forward
1 - 86% - 60% - 1:01
2 - 14% - 40% - 0:10
PP Defense
1 - 100% - 60% - 1:11
2 - 0% - 40% - 0:00
PK Forward
1 - 71% - 60% - 8:13
2 - 29% - 40% - 3:21
PK Defense
1 - 76% - 60% - 8:48
2 - 24% - 40% - 2:46
PK3 Forward
1 - 0% - 60%
2 - 0% - 40%
PK3 Defense
1 - 0% - 60%
2 - 0% - 40%
44 Forward
1 - 100% - 60% - 0:31
2 - 0% - 40% - 0:00
44 Defense
1 - 100% - 60% - 0:31
2 - 0% - 40% - 0:00
Last Minute Offensive  - 0:00
Last Minute Defensive  - 0:00
Total
Forward - 60:00
Defense - 60:00

Play-by-Play

1st period


0:01 of 1st period - Zack Hamill wins face-off versus Andrew Gordon in neutral zone.
0:06 of 1st period - Timothy Kunes is hit by Zack Hamill and loses puck.
0:25 of 1st period - Adam Pelech is hit by Leon Draisaitl and loses puck.
0:47 of 1st period - Shane Sims is hit by Slava Voynov and loses puck.
0:54 of 1st period - Tyler Bertuzzi is hit by Ondrej Kase and loses puck.
1:19 of 1st period - Snap shot by John Quenneville.
1:19 of 1st period - Stopped by Phoenix Copley with a rebound.
1:35 of 1st period - Slapshot by Matt Calvert.
1:35 of 1st period - Shot Misses the Net.
1:51 of 1st period - Justin Florek is hit by Garret Ross and loses puck.
2:07 of 1st period - Icing by Leon Draisaitl.
2:08 of 1st period - Radek Faksa wins face-off versus Jared Knight in River Frogs zone.
2:33 of 1st period - Andrew Gordon is hit by Zack Hamill and loses puck.
2:57 of 1st period - Shane Sims is hit by Andreas Athanasiou.
3:11 of 1st period - Joakim Nordstrom is hit by John Quenneville and loses puck.
3:36 of 1st period - Snap shot by Zack Hamill.
3:36 of 1st period - Shot Blocked by Andrew Gordon.
4:02 of 1st period - Anthony Bitetto is hit by Tyler Bertuzzi and loses puck.
4:21 of 1st period - Slapshot by Leon Draisaitl.
4:21 of 1st period - Shot Blocked by Adam Pelech.
5:04 of 1st period - Slapshot by Shea Theodore.
5:04 of 1st period - Stopped by Daniel Altshuller with a rebound.
5:14 of 1st period - David Kolomatis is hit by Tyler Bertuzzi and loses puck.
5:40 of 1st period - Shane Sims is hit by Carter Ashton and loses puck.
6:06 of 1st period - Jordan Schmaltz is hit by Ryan Fitzgerald and loses puck.
7:14 of 1st period - Ondrej Kase is hit by Jordan Schmaltz and loses puck.
7:19 of 1st period - Snap shot by John Quenneville.
7:19 of 1st period - Stopped by Phoenix Copley with a rebound.
7:45 of 1st period - Wrist shot by Matt Calvert.
7:45 of 1st period - Shot Misses the Net.
8:38 of 1st period - Icing by Joakim Nordstrom.
8:39 of 1st period - Radek Faksa wins face-off versus Jared Knight in River Frogs zone.
9:06 of 1st period - Snap shot by Justin Florek.
9:06 of 1st period - Stopped by Daniel Altshuller without a rebound.
9:07 of 1st period - John Quenneville wins face-off versus Leon Draisaitl in Punishers zone.
9:14 of 1st period - Slapshot by Jordan Schmaltz.
9:14 of 1st period - Shot Blocked by Emerson Etem.
9:36 of 1st period - Snap shot by Robbie Earl.
9:36 of 1st period - Goal by Robbie Earl - Punishers : 1 - River Frogs : 0.
9:37 of 1st period - Andrew Gordon wins face-off versus Zack Hamill in neutral zone.
9:40 of 1st period - Adam Pelech is hit by Andrew Gordon and loses puck.
9:49 of 1st period - Snap shot by Christian Hanson.
9:49 of 1st period - Stopped by Daniel Altshuller without a rebound.
9:50 of 1st period - Zack Hamill wins face-off versus Christian Hanson in Punishers zone.
10:03 of 1st period - Slapshot by Adam Pelech.
10:03 of 1st period - Stopped by Phoenix Copley with a rebound.
10:05 of 1st period - Slapshot by Adam Pelech.
10:05 of 1st period - Stopped by Phoenix Copley with a rebound.
10:40 of 1st period - Snap shot by James Livingstone.
10:40 of 1st period - Stopped by Daniel Altshuller with a rebound.
10:46 of 1st period - Aaron Ness is hit by Radek Faksa.
10:51 of 1st period - Icing by Aaron Ness.
10:52 of 1st period - Ryan Fitzgerald wins face-off versus Zack Hamill in River Frogs zone.
11:19 of 1st period - Wrist shot by Matt Calvert.
11:19 of 1st period - Stopped by Daniel Altshuller with a rebound.
11:25 of 1st period - Andrew Gordon is hit by Andreas Athanasiou.
11:39 of 1st period - Snap shot by Nikita Gusev.
11:39 of 1st period - Shot Misses the Net.
13:06 of 1st period - Snap shot by Nikita Gusev.
13:06 of 1st period - Stopped by Phoenix Copley without a rebound.
13:07 of 1st period - John Quenneville wins face-off versus Leon Draisaitl in River Frogs zone.
13:29 of 1st period - Snap shot by Emerson Etem.
13:29 of 1st period - Stopped by Daniel Altshuller with a rebound.
13:33 of 1st period - Snap shot by Leon Draisaitl.
13:33 of 1st period - Shot Blocked by Adam Pelech.
13:35 of 1st period - Wrist shot by Leon Draisaitl.
13:35 of 1st period - Deflect By Emerson Etem.
13:35 of 1st period - Shot Blocked by Adam Pelech.
13:35 of 1st period - Puck is out of play.
13:36 of 1st period - Zack Hamill wins face-off versus Christian Hanson in Punishers zone.
13:36 of 1st period - Zack Hamill is hit by Christian Hanson.
13:48 of 1st period - Slapshot by Zack Hamill.
13:48 of 1st period - Shot Blocked by Aaron Ness.
14:12 of 1st period - Wrist shot by Radek Faksa.
14:12 of 1st period - Stopped by Phoenix Copley with a rebound.
14:14 of 1st period - Snap shot by Radek Faksa.
14:14 of 1st period - Shot Misses the Net.
14:34 of 1st period - Austin Watson is hit by Adam Pelech and loses puck.
14:39 of 1st period - Wrist shot by Carter Ashton.
14:39 of 1st period - Stopped by Phoenix Copley with a rebound.
15:33 of 1st period - Snap shot by Carter Ashton.
15:33 of 1st period - Shot Misses the Net.
15:39 of 1st period - Wrist shot by Andreas Athanasiou.
15:39 of 1st period - Stopped by Phoenix Copley without a rebound.
15:40 of 1st period - Garret Ross wins face-off versus Leon Draisaitl in River Frogs zone.
16:07 of 1st period - Carter Ashton is hit by Andrew Gordon and loses puck.
16:19 of 1st period - Aaron Ness is hit by Slava Voynov.
16:24 of 1st period - Minor Penalty to Matt Calvert for Slashing.
16:25 of 1st period - Zack Hamill wins face-off versus Andrew Gordon in River Frogs zone.
16:27 of 1st period - Slapshot by Zack Hamill.
16:27 of 1st period - Deflect By Robbie Earl.
16:27 of 1st period - Shot Misses the Net.
16:27 of 1st period - Puck is out of play.
16:28 of 1st period - Zack Hamill wins face-off versus Andrew Gordon in River Frogs zone.
16:54 of 1st period - Slapshot by Slava Voynov.
16:54 of 1st period - Shot Misses the Net.
16:56 of 1st period - Wrist shot by Andreas Athanasiou.
16:56 of 1st period - Shot Blocked by Timothy Kunes.
16:58 of 1st period - Wrist shot by Garret Ross.
16:58 of 1st period - Goal by Garret Ross - Punishers : 2 - River Frogs : 0.
16:59 of 1st period - Christian Hanson wins face-off versus Zack Hamill in neutral zone.
17:01 of 1st period - Off-side.
17:02 of 1st period - Christian Hanson wins face-off versus Zack Hamill in neutral zone.
17:30 of 1st period - Slava Voynov is hit by Austin Watson and loses puck.
17:49 of 1st period - Slapshot by Timothy Kunes.
17:49 of 1st period - Shot Blocked by Jordan Schmaltz.
17:51 of 1st period - Slapshot by Anthony Bitetto.
17:51 of 1st period - Deflect By Emerson Etem.
17:51 of 1st period - Stopped by Daniel Altshuller without a rebound.
17:52 of 1st period - Leon Draisaitl wins face-off versus Radek Faksa in Punishers zone.
17:55 of 1st period - Slapshot by Leon Draisaitl.
17:55 of 1st period - Stopped by Daniel Altshuller with a rebound.
17:57 of 1st period - Wrist shot by Leon Draisaitl.
17:57 of 1st period - Goal by Leon Draisaitl - Punishers : 2 - River Frogs : 1.
17:58 of 1st period - Zack Hamill wins face-off versus Christian Hanson in neutral zone.
18:09 of 1st period - Snap shot by Miikka Salomaki.
18:09 of 1st period - Shot Misses the Net.
18:11 of 1st period - Wrist shot by Robbie Earl.
18:11 of 1st period - Stopped by Phoenix Copley with a rebound.
18:13 of 1st period - Slapshot by Adam Pelech.
18:13 of 1st period - Deflect By Christian Hanson.
18:13 of 1st period - Stopped by Phoenix Copley with a rebound.
19:07 of 1st period - Wrist shot by Austin Watson.
19:07 of 1st period - Shot Misses the Net.
19:09 of 1st period - Backhand shot by Matt Calvert.
19:09 of 1st period - Stopped by Daniel Altshuller with a rebound.
19:11 of 1st period - Wrist shot by Christian Hanson.
19:11 of 1st period - Shot Blocked by Slava Voynov.
19:13 of 1st period - Snap shot by Andrew Gordon.
19:13 of 1st period - Shot Blocked by Dylan DeMelo.
19:15 of 1st period - Snap shot by Christian Hanson.
19:15 of 1st period - Goal by Christian Hanson - Punishers : 2 - River Frogs : 2.
19:16 of 1st period - Christian Hanson wins face-off versus Zack Hamill in neutral zone.
Goals for this period are 2 for Punishers vs 2 for River Frogs.
Shots for this period are 12 for Punishers vs 11 for River Frogs.

2nd period


0:01 of 2nd period - Christian Hanson wins face-off versus Miikka Salomaki in neutral zone.
0:13 of 2nd period - Zack Hamill is hit by Christian Hanson and loses puck.
0:29 of 2nd period - Off-side.
0:30 of 2nd period - Leon Draisaitl wins face-off versus Andreas Athanasiou in neutral zone.
1:36 of 2nd period - Slava Voynov is hit by Timothy Kunes and loses puck.
1:43 of 2nd period - Slapshot by John Quenneville.
1:43 of 2nd period - Stopped by Phoenix Copley with a rebound.
1:52 of 2nd period - Major / Game Misconduct Penalty to Anthony Bitetto for Spearing.
1:52 of 2nd period - Anthony Bitetto is ejected from game.
1:53 of 2nd period - Zack Hamill wins face-off versus Christian Hanson in River Frogs zone.
1:53 of 2nd period - Slapshot by Robbie Earl.
1:53 of 2nd period - Stopped by Phoenix Copley with a rebound.
1:59 of 2nd period - Wrist shot by Miikka Salomaki.
1:59 of 2nd period - Shot Misses the Net.
3:29 of 2nd period - Leon Draisaitl is hit by Carter Ashton and loses puck.
4:11 of 2nd period - Christian Hanson is hit by Slava Voynov and loses puck.
6:15 of 2nd period - Snap shot by Tyler Bertuzzi.
6:15 of 2nd period - Shot Misses the Net.
6:17 of 2nd period - Slapshot by Radek Faksa.
6:17 of 2nd period - Goal by Radek Faksa - Punishers : 3 - River Frogs : 2.
6:18 of 2nd period - Robbie Earl wins face-off versus Andrew Gordon in neutral zone.
6:52 of 2nd period - Penalty to Anthony Bitetto is over, Jared Knight is send on ice.
7:00 of 2nd period - Snap shot by Miikka Salomaki.
7:00 of 2nd period - Stopped by Phoenix Copley with a rebound.
7:16 of 2nd period - Wrist shot by Andrew Gordon.
7:16 of 2nd period - Shot Blocked by Slava Voynov.
7:18 of 2nd period - Wrist shot by Jared Knight.
7:18 of 2nd period - Stopped by Daniel Altshuller without a rebound.
7:19 of 2nd period - Leon Draisaitl wins face-off versus Andreas Athanasiou in Punishers zone.
8:21 of 2nd period - Slava Voynov is hit by Jared Knight and loses puck.
9:12 of 2nd period - Slapshot by Ondrej Kase.
9:12 of 2nd period - Shot Misses the Net.
9:30 of 2nd period - Backhand shot by James Livingstone.
9:30 of 2nd period - Shot Blocked by Adam Pelech.
9:59 of 2nd period - Leon Draisaitl is hit by Radek Faksa and loses puck.
10:04 of 2nd period - Backhand shot by Tyler Bertuzzi.
10:04 of 2nd period - Stopped by Phoenix Copley with a rebound.
10:06 of 2nd period - Snap shot by Austen Brassard.
10:06 of 2nd period - Deflect By Justin Florek.
10:06 of 2nd period - Shot Misses the Net.
10:06 of 2nd period - Puck is out of play.
10:07 of 2nd period - Zack Hamill wins face-off versus Jared Knight in River Frogs zone.
10:43 of 2nd period - Timothy Kunes is hit by Madison Bowey and loses puck.
11:08 of 2nd period - Wrist shot by Radek Faksa.
11:08 of 2nd period - Stopped by Phoenix Copley with a rebound.
11:20 of 2nd period - Backhand shot by James Livingstone.
11:20 of 2nd period - Deflect By Ryan Fitzgerald.
11:20 of 2nd period - Stopped by Daniel Altshuller without a rebound.
11:21 of 2nd period - Ryan Fitzgerald wins face-off versus John Quenneville in Punishers zone.
11:52 of 2nd period - Slapshot by Shane Sims.
11:52 of 2nd period - Shot Blocked by Jordan Schmaltz.
12:08 of 2nd period - Wrist shot by Joakim Nordstrom.
12:08 of 2nd period - Stopped by Daniel Altshuller with a rebound.
12:15 of 2nd period - Icing by Aaron Ness.
12:16 of 2nd period - Zack Hamill wins face-off versus Ryan Fitzgerald in River Frogs zone.
13:13 of 2nd period - Off-side.
13:14 of 2nd period - Zack Hamill wins face-off versus Jared Knight in neutral zone.
13:41 of 2nd period - Snap shot by Tyler Bertuzzi.
13:41 of 2nd period - Goal by Tyler Bertuzzi - Punishers : 4 - River Frogs : 2.
13:41 of 2nd period - Thomas Greiss enters game.
13:42 of 2nd period - Christian Hanson wins face-off versus Zack Hamill in neutral zone.
13:45 of 2nd period - Slapshot by David Kolomatis.
13:45 of 2nd period - Stopped by Daniel Altshuller without a rebound.
13:46 of 2nd period - Zack Hamill wins face-off versus Christian Hanson in Punishers zone.
13:56 of 2nd period - Off-side.
13:57 of 2nd period - Christian Hanson wins face-off versus Zack Hamill in neutral zone.
14:03 of 2nd period - Icing by Robbie Earl.
14:04 of 2nd period - Christian Hanson wins face-off versus Zack Hamill in Punishers zone.
14:07 of 2nd period - Wrist shot by Matt Calvert.
14:07 of 2nd period - Shot Misses the Net.
14:46 of 2nd period - Minor Penalty to David Kolomatis for Hooking.
14:47 of 2nd period - Zack Hamill wins face-off versus Andrew Gordon in River Frogs zone.
14:52 of 2nd period - Snap shot by Zack Hamill.
14:52 of 2nd period - Stopped by Thomas Greiss with a rebound.
14:54 of 2nd period - Snap shot by Robbie Earl.
14:54 of 2nd period - Stopped by Thomas Greiss with a rebound.
14:56 of 2nd period - Slapshot by Slava Voynov.
14:56 of 2nd period - Shot Misses the Net.
15:22 of 2nd period - Slapshot by Slava Voynov.
15:22 of 2nd period - Shot Hit the Post.
16:46 of 2nd period - Penalty to David Kolomatis is over, David Kolomatis is back on ice.
16:49 of 2nd period - Icing by Michael Joly.
16:50 of 2nd period - Ryan Fitzgerald wins face-off versus John Macfarland in Punishers zone.
16:53 of 2nd period - Wrist shot by Ryan Fitzgerald.
16:53 of 2nd period - Stopped by Daniel Altshuller without a rebound.
16:54 of 2nd period - Ryan Fitzgerald wins face-off versus Radek Faksa in Punishers zone.
17:10 of 2nd period - Off-side.
17:11 of 2nd period - Christian Hanson wins face-off versus Zack Hamill in neutral zone.
17:44 of 2nd period - Wrist shot by Leon Draisaitl.
17:44 of 2nd period - Stopped by Daniel Altshuller with a rebound.
17:46 of 2nd period - Slapshot by Timothy Kunes.
17:46 of 2nd period - Stopped by Daniel Altshuller with a rebound.
17:48 of 2nd period - Slapshot by Justin Florek.
17:48 of 2nd period - Deflect By Leon Draisaitl.
17:48 of 2nd period - Shot Misses the Net.
17:48 of 2nd period - Puck is out of play.
17:49 of 2nd period - Zack Hamill wins face-off versus Jared Knight in Punishers zone.
18:16 of 2nd period - Minor Penalty to Matt Calvert for Roughing.
18:17 of 2nd period - Christian Hanson wins face-off versus Zack Hamill in River Frogs zone.
18:42 of 2nd period - Christian Hanson is hit by Andreas Athanasiou and loses puck.
18:51 of 2nd period - Wrist shot by Garret Ross.
18:51 of 2nd period - Goal by Garret Ross - Punishers : 5 - River Frogs : 2.
18:52 of 2nd period - Leon Draisaitl wins face-off versus Zack Hamill in neutral zone.
18:57 of 2nd period - Snap shot by Leon Draisaitl.
18:57 of 2nd period - Deflect By Emerson Etem.
18:57 of 2nd period - Shot Hit the Post.
18:57 of 2nd period - Puck is out of play.
18:58 of 2nd period - Leon Draisaitl wins face-off versus Zack Hamill in Punishers zone.
19:07 of 2nd period - Wrist shot by Robbie Earl.
19:07 of 2nd period - Stopped by Thomas Greiss with a rebound.
19:09 of 2nd period - Snap shot by Robbie Earl.
19:09 of 2nd period - Shot Blocked by Leon Draisaitl.
19:31 of 2nd period - Slapshot by Matt Calvert.
19:31 of 2nd period - Stopped by Daniel Altshuller without a rebound.
19:32 of 2nd period - Christian Hanson wins face-off versus Andreas Athanasiou in Punishers zone.
19:57 of 2nd period - Robbie Earl is hit by Emerson Etem and loses puck.
Goals for this period are 3 for Punishers vs 0 for River Frogs.
Shots for this period are 11 for Punishers vs 8 for River Frogs.

3rd period


0:01 of 3rd period - Christian Hanson wins face-off versus Zack Hamill in neutral zone.
0:06 of 3rd period - Zack Hamill is hit by Timothy Kunes and loses puck.
0:15 of 3rd period - Christian Hanson is hit by Robbie Earl and loses puck.
0:26 of 3rd period - David Kolomatis is hit by Adam Pelech and loses puck.
0:31 of 3rd period - Snap shot by Radek Faksa.
0:31 of 3rd period - Shot Misses the Net.
0:33 of 3rd period - Wrist shot by Tyler Bertuzzi.
0:33 of 3rd period - Stopped by Thomas Greiss without a rebound.
0:34 of 3rd period - Leon Draisaitl wins face-off versus Andreas Athanasiou in River Frogs zone.
0:39 of 3rd period - Slapshot by Shane Sims.
0:39 of 3rd period - Shot Hit the Post.
0:55 of 3rd period - Minor Penalty to Carter Ashton for Hooking.
0:56 of 3rd period - Christian Hanson wins face-off versus Zack Hamill in Punishers zone.
1:11 of 3rd period - Wrist shot by Timothy Kunes.
1:11 of 3rd period - Goal by Timothy Kunes - Punishers : 5 - River Frogs : 3.
1:12 of 3rd period - Christian Hanson wins face-off versus Zack Hamill in neutral zone.
1:23 of 3rd period - Wrist shot by Robbie Earl.
1:23 of 3rd period - Shot Misses the Net.
1:42 of 3rd period - Snap shot by Austin Watson.
1:42 of 3rd period - Shot Misses the Net.
1:44 of 3rd period - Snap shot by Ondrej Kase.
1:44 of 3rd period - Stopped by Daniel Altshuller with a rebound.
1:46 of 3rd period - Snap shot by Shane Sims.
1:46 of 3rd period - Shot Misses the Net.
2:04 of 3rd period - Wrist shot by Carter Ashton.
2:04 of 3rd period - Stopped by Thomas Greiss with a rebound.
2:06 of 3rd period - Snap shot by Andreas Athanasiou.
2:06 of 3rd period - Goal by Andreas Athanasiou - Punishers : 6 - River Frogs : 3.
2:07 of 3rd period - Christian Hanson wins face-off versus Andreas Athanasiou in neutral zone.
2:55 of 3rd period - Wrist shot by Jared Knight.
2:55 of 3rd period - Goal by Jared Knight - Punishers : 6 - River Frogs : 4.
2:56 of 3rd period - Christian Hanson wins face-off versus Zack Hamill in neutral zone.
3:21 of 3rd period - David Kolomatis is hit by Andreas Athanasiou and loses puck.
3:26 of 3rd period - Wrist shot by Garret Ross.
3:26 of 3rd period - Shot Blocked by Timothy Kunes.
3:46 of 3rd period - Wrist shot by Ondrej Kase.
3:46 of 3rd period - Stopped by Daniel Altshuller without a rebound.
3:47 of 3rd period - Zack Hamill wins face-off versus Christian Hanson in Punishers zone.
4:12 of 3rd period - Aaron Ness is hit by Andreas Athanasiou.
4:59 of 3rd period - Aaron Ness is hit by Madison Bowey.
5:19 of 3rd period - Slapshot by Dylan DeMelo.
5:19 of 3rd period - Shot Blocked by Shane Sims.
5:25 of 3rd period - Nikita Gusev is hit by Joakim Nordstrom.
5:31 of 3rd period - James Livingstone is hit by Nikita Gusev and loses puck.
6:15 of 3rd period - Off-side.
6:16 of 3rd period - Jared Knight wins face-off versus Radek Faksa in neutral zone.
6:25 of 3rd period - Slapshot by Shea Theodore.
6:25 of 3rd period - Deflect By Austen Brassard.
6:25 of 3rd period - Stopped by Daniel Altshuller with a rebound.
6:32 of 3rd period - Off-side.
6:33 of 3rd period - Christian Hanson wins face-off versus Zack Hamill in neutral zone.
6:35 of 3rd period - Off-side.
6:36 of 3rd period - Zack Hamill wins face-off versus Christian Hanson in neutral zone.
6:39 of 3rd period - Snap shot by Madison Bowey.
6:39 of 3rd period - Stopped by Thomas Greiss with a rebound.
6:41 of 3rd period - Snap shot by Robbie Earl.
6:41 of 3rd period - Stopped by Thomas Greiss with a rebound.
6:43 of 3rd period - Slapshot by Jordan Schmaltz.
6:43 of 3rd period - Stopped by Thomas Greiss with a rebound.
6:45 of 3rd period - Slapshot by Miikka Salomaki.
6:45 of 3rd period - Deflect By Zack Hamill.
6:45 of 3rd period - Shot Misses the Net.
6:45 of 3rd period - Puck is out of play.
6:46 of 3rd period - Christian Hanson wins face-off versus Zack Hamill in River Frogs zone.
7:01 of 3rd period - Snap shot by Andrew Gordon.
7:01 of 3rd period - Shot Misses the Net.
7:37 of 3rd period - Jordan Schmaltz is hit by Austin Watson and loses puck.
8:00 of 3rd period - Snap shot by Miikka Salomaki.
8:00 of 3rd period - Goal by Miikka Salomaki - Punishers : 7 - River Frogs : 4.
8:01 of 3rd period - Zack Hamill wins face-off versus Christian Hanson in neutral zone.
8:30 of 3rd period - Slapshot by David Kolomatis.
8:30 of 3rd period - Shot Blocked by Garret Ross.
8:33 of 3rd period - Icing by Adam Pelech.
8:34 of 3rd period - Andreas Athanasiou wins face-off versus Leon Draisaitl in Punishers zone.
8:34 of 3rd period - Andreas Athanasiou is hit by Timothy Kunes.
8:48 of 3rd period - Slapshot by Garret Ross.
8:48 of 3rd period - Stopped by Thomas Greiss without a rebound.
8:49 of 3rd period - Zack Hamill wins face-off versus Christian Hanson in River Frogs zone.
8:50 of 3rd period - Snap shot by Miikka Salomaki.
8:50 of 3rd period - Stopped by Thomas Greiss with a rebound.
8:52 of 3rd period - Slapshot by Jordan Schmaltz.
8:52 of 3rd period - Stopped by Thomas Greiss without a rebound.
8:53 of 3rd period - Miikka Salomaki wins face-off versus Christian Hanson in River Frogs zone.
9:05 of 3rd period - Minor Penalty to Timothy Kunes for High sticking.
9:06 of 3rd period - Andrew Gordon wins face-off versus Zack Hamill in River Frogs zone.
9:10 of 3rd period - Wrist shot by Zack Hamill.
9:10 of 3rd period - Shot Misses the Net.
9:12 of 3rd period - Slapshot by Adam Pelech.
9:12 of 3rd period - Stopped by Thomas Greiss with a rebound.
9:32 of 3rd period - Andreas Athanasiou is hit by Shane Sims and loses puck.
9:41 of 3rd period - Slapshot by Garret Ross.
9:41 of 3rd period - Stopped by Thomas Greiss with a rebound.
10:15 of 3rd period - Jordan Schmaltz is hit by David Kolomatis and loses puck.
11:05 of 3rd period - Penalty to Timothy Kunes is over, Timothy Kunes is back on ice.
11:17 of 3rd period - Wrist shot by Jared Knight.
11:17 of 3rd period - Shot Misses the Net.
11:38 of 3rd period - Wrist shot by Nikita Gusev.
11:38 of 3rd period - Shot Misses the Net.
12:06 of 3rd period - Dylan DeMelo is hit by Jared Knight and loses puck.
12:19 of 3rd period - Radek Faksa is hit by Timothy Kunes and loses puck.
12:34 of 3rd period - Minor Penalty to Aaron Ness for Hooking.
12:35 of 3rd period - Andrew Gordon wins face-off versus Zack Hamill in River Frogs zone.
12:35 of 3rd period - Andrew Gordon is hit by Miikka Salomaki.
14:02 of 3rd period - Minor Penalty to Slava Voynov for Tripping.
14:03 of 3rd period - Zack Hamill wins face-off versus Andrew Gordon in Punishers zone.
14:10 of 3rd period - Slapshot by Adam Pelech.
14:10 of 3rd period - Stopped by Thomas Greiss without a rebound.
14:11 of 3rd period - Robbie Earl wins face-off versus Andrew Gordon in River Frogs zone.
14:34 of 3rd period - Penalty to Aaron Ness is over, Aaron Ness is back on ice.
14:38 of 3rd period - Slapshot by David Kolomatis.
14:38 of 3rd period - Deflect By Adam Pelech.
14:38 of 3rd period - Stopped by Daniel Altshuller with a rebound.
15:18 of 3rd period - Snap shot by Andrew Gordon.
15:18 of 3rd period - Deflect By Aaron Ness.
15:18 of 3rd period - Shot Blocked by John Macfarland.
15:18 of 3rd period - Puck is out of play.
15:19 of 3rd period - Leon Draisaitl wins face-off versus Zack Hamill in Punishers zone.
15:28 of 3rd period - Snap shot by Emerson Etem.
15:28 of 3rd period - Deflect By Adam Pelech.
15:28 of 3rd period - River Frogs goal is going for a video replay.
15:28 of 3rd period - The goal is good.
15:28 of 3rd period - Goal by Emerson Etem - Punishers : 7 - River Frogs : 5.
15:29 of 3rd period - Radek Faksa wins face-off versus Jared Knight in neutral zone.
15:32 of 3rd period - Ondrej Kase is hit by Adam Pelech and loses puck.
16:18 of 3rd period - Snap shot by Shane Sims.
16:18 of 3rd period - Shot Blocked by Jordan Schmaltz.
16:47 of 3rd period - Off-side.
16:48 of 3rd period - Austen Brassard wins face-off versus Jared Knight in neutral zone.
17:21 of 3rd period - Off-side.
17:22 of 3rd period - Zack Hamill wins face-off versus Christian Hanson in neutral zone.
17:25 of 3rd period - Christian Hanson is hit by Jordan Schmaltz and loses puck.
17:32 of 3rd period - Snap shot by Zack Hamill.
17:32 of 3rd period - Shot Misses the Net.
17:48 of 3rd period - Austin Watson is hit by Radek Faksa.
18:11 of 3rd period - Leon Draisaitl is hit by Adam Pelech and loses puck.
18:18 of 3rd period - Slapshot by Shane Sims.
18:18 of 3rd period - Deflect By Leon Draisaitl.
18:18 of 3rd period - Stopped by Daniel Altshuller with a rebound.
19:19 of 3rd period - Tyler Bertuzzi is hit by Timothy Kunes and loses puck.
19:45 of 3rd period - Zack Hamill is hit by Christian Hanson and loses puck.
19:56 of 3rd period - Andrew Gordon is hit by Jordan Schmaltz and loses puck.
Goals for this period are 2 for Punishers vs 3 for River Frogs.
Shots for this period are 13 for Punishers vs 8 for River Frogs.